 Dungeon Crawl Stone Soup version 0.24.1-4-ge52af88ad5 (webtiles) character file.

Game seed: 2004946065857225518, levelgen mode: deterministic

21 Peloso the Shield-Bearer (level 2, 27/27 HPs)
             Began as a Minotaur Fighter on Apr 18, 2020.
             Got out of the dungeon alive.
             The game lasted 00:01:26 (1423 turns).

Peloso the Shield-Bearer (Minotaur Fighter)         Turns: 1423, Time: 00:01:27

Health: 27/27      AC:  7    Str: 18    XL:     2   Next: 62%
Magic:  1/1        EV:  7    Int:  5    God:
Gold:   81         SH:  9    Dex: 11    Spells: 1/1 levels left

rFire    . . .     SeeInvis .   a - +0 long sword
rCold    . . .     Gourm    .   c - +0 shield
rNeg     . . .     Faith    .   b - +0 scale mail
rPois    .         Spirit   .   (helmet unavailable)
rElec    .         Reflect  .   (no cloak)
rCorr    .         Harm     .   (no gloves)
MR       .....                  (no boots)
Stlth    ..........             (no amulet)
HPRegen  0.09/turn              (no ring)
MPRegen  0.07/turn              (no ring)

@: no status effects
A: retaliatory headbutt, horns 3, agile 1, weak 1
a: no special abilities


You escaped.
You were very hungry.

You visited 1 branch of the dungeon, and saw 1 of its levels.

You collected 81 gold pieces.

Inventory:

Hand Weapons
 a - a +0 long sword (weapon)
Armour
 b - a +0 scale mail (worn)
 c - a +0 shield (worn)
Scrolls
 i - a scroll of remove curse
 l - a scroll of identify {unknown}
 n - a scroll of enchant armour {unknown}
Potions
 d - a potion of might
 j - a potion of agility {unknown}
 m - a potion of berserk rage {unknown}
Comestibles
 f - 8 rations


   Skills:
 + Level 3.7 Fighting
 + Level 3.0 Long Blades
 + Level 3.9 Armour
 + Level 4.0 Shields


You had one spell level left.
You didn't know any spells.
Your spell library was empty.

Dungeon Overview and Level Annotations

Branches:
Dungeon (1/15)

Altars:


Innate Abilities, Weirdness & Mutations

You reflexively headbutt those who attack you in melee.
You have a pair of large horns on your head.
You are agile. (Dex +2)
You are weak. (Str -2)


Message History

You start waiting.
Your magical contamination has completely faded away.
You start waiting.
Done waiting.
You start waiting.
You are feeling hungry.
You start waiting.
Done waiting.
You start waiting.
You are feeling very hungry.
You start waiting.
Done waiting.
(D) Dungeon
Where to? (? - help)
What level of the Dungeon? (default 1, ? - help)
There is an open door here.
There is a staircase leading out of the dungeon here.
There is a staircase leading out of the dungeon here.
Are you sure you want to leave the Dungeon?
This will make you lose the game!
You have escaped!

#.#.# #.###+###'#..# #......
#.#.# #.# #.≈#≈.#..# #......
#.#.# #.# #.≈≈≈.#..# #......
#.#.# #.# #.≈8≈.#..# #....†.
#.#.#####.# #.....#..# ####.#.
#.........# #♣...♣#..# #.#.
###.####### #P♣.♣P#..### #.#.
#.# ##P.P##....######.#. #.#
#P#@#P#.........#.#. #.#
##.♣.##....###...... #.#
#♣#♣#.............. #.#
#.............. #.#
############.######......
#.####........# #.#.####...^..
#...##........# #.#.....#+#.#.
###.##........###.#####.#.#.#.
#.........................#.


There were no monsters in sight!

Vanquished Creatures
  A leopard gecko (D:1)
  A giant cockroach (D:1)
  2 goblins (D:1)
  A hobgoblin (D:1)
  2 kobolds (D:1)
  3 bats (D:1)
  6 frilled lizards (D:1)
  4 rats (D:1)
20 creatures vanquished.

Notes
Turn   | Place    | Note
-------+----------+-------------------------------------------
     0 | D:1      | Peloso the Minotaur Fighter began the quest for the Orb.
     0 | D:1      | Reached XP level 1. HP: 19/19 MP: 0/0
   303 | D:1      | Reached XP level 2. HP: 27/27 MP: 1/1
   724 | D:1      | Reached skill level 4 in Shields
   882 | D:1      | Gained mutation: You are weak. (Str -2) [potion of
                  | mutation]
   882 | D:1      | Gained mutation: You are agile. (Dex +2) [potion of
                  | mutation]
   882 | D:1      | Gained mutation: You have a pair of large horns on your
                  | head. [potion of mutation]
  1423 | D:$      | Got out of the dungeon alive.

Levels and vault maps discovered:
D:1:      tarquinn_simple_flora_water_d, layout_basic, minmay_lizard_pond

Skill      XL: |  1  2 |
---------------+-------+-----
Long Blades    | 3 |  3.0
Shields        | 4 |  4.0
Fighting       | |  3.7
Armour         | |  3.9

Action                   || total
-------------------------++-------
Melee: Long sword        ||    42
       Headbutt          ||     3
  Use: Scroll            ||     3
       Potion            ||     2
Armor: Scale mail        ||    24
Dodge: Dodged            ||    10
Block: Shield            ||    29
       Rpst.: Long sword ||     2
